 Dungeon Crawl Stone Soup version 0.31-a0-236-g9a0961fb85 (webtiles) character file.

Game seed: 6080223799568790057

1102 BubbleThief the Insei (level 8, -13/56 HPs)
             Began as an Octopode Transmuter on July 11, 2023.
             Mangled by an ogre
             ... wielding a +0 giant club
              (19 damage)
             ... on level 6 of the Dungeon.
             The game lasted 00:07:18 (4949 turns).

BubbleThief the Insei (Octopode Transmuter)         Turns: 4949, Time: 00:07:18

Health: -13/56     AC:  1    Str: 17    XL:     8   Next: 32%
Magic:  11/11      EV: 13    Int: 16    God:
Gold:   316        SH:  0    Dex: 12    Spells: 5/11 levels left

rFire   . .          .
                       - Unarmed
rCold   + . .        (no shield)
rNeg    . . .        (helmet currently unavailable)
rPois   .            u - amulet of magic regeneration
rElec   .            h - +6 ring of strength
rCorr   .            l - ring of protection from cold
SInv    .            m - ring of Ybeskokh {+Blink Fly}
Will    .....        (no ring)
Stlth   ++           (no ring)
HPRegen 0.29/turn    (no ring)
MPRegen 0.52/turn    (no ring)
                     (no ring)

%: no passive effects
@: appendages, wereblooded, flying
A: tentacle spike 3, almost no armour, amphibious, 8 rings, camouflage 1,
gelatinous body 1, (nimble swimmer 1), tentacles
a: End Transformation, Evoke Blink


You were on level 6 of the Dungeon.
One of your tentacles had grown a beastly spike.
You visited 2 branches of the dungeon, and saw 7 of its levels.
You also visited: Ossuary.

You collected 316 gold pieces.

Inventory:

Missiles
 g - a throwing net
Jewellery
 h - a +6 ring of strength (left tentacle)
 l - a ring of protection from cold (right tentacle)
 m - the ring of Ybeskokh (on tentacle) {+Blink Fly}
   (You found it on level 2 of the Dungeon)

   [ring of flight]

   Fly:       It grants you flight.
   +Blink:    It lets you blink.
 u - an amulet of magic regeneration (around mantle)
Wands
 j - a wand of iceblast (7)
 o - a wand of polymorph (1)
Scrolls
 b - 4 scrolls of identify
 i - 3 scrolls of amnesia
 k - 2 scrolls of teleportation
 q - a scroll of fear
Potions
 a - a potion of lignification
 c - 3 potions of cancellation
 d - 2 potions of brilliance
 e - a potion of haste
 f - 2 potions of curing
 n - 4 potions of attraction
 p - 2 potions of heal wounds {unknown}
 s - 4 potions of mutation
 t - a potion of enlightenment {unknown}


   Skills:
 + Level 5.5 Fighting
 - Level 2.0 Dodging
 + Level 6.2 Unarmed Combat
 - Level 2.0 Spellcasting
 + Level 5.7 Transmutations


You had 5 spell levels left.
You knew the following spells:

 Your Spells              Type           Power      Damage    Failure   Level
a - Beastly Appendage     Tmut           40%        N/A       1%          1
b - Wereblood             Tmut           20%        N/A       3%          2
c - Spider Form           Tmut/Pois      10%        N/A       19%         3

Your spell library contained the following spells:

 Spells                   Type           Power      Damage    Failure   Level
 Volatile Blastmotes      Fire/Tloc      2%         2d10      52%         3
 Ice Form                 Ice/Tmut       10%        N/A       54%         4
 Fulminant Prism          Conj/Hex       0%         3d5       90%         4
 Iskenderun's Mystic Bla  Conj/Tloc      1%         2d3       90%         4
 Lee's Rapid Deconstruct  Erth           0%         3d4*      99%         5
 Simulacrum               Ice/Necr       0%         N/A       100%        6
 Ozocubu's Refrigeration  Ice            0%         4d7       100%        7
 Polar Vortex             Ice            0%         N/A       100%        9


Dungeon Overview and Level Annotations

Branches:
Dungeon (6/15)             Temple (1/1) D:6         Ossuary (visited)

Altars:
Cheibriados
Dithmenos
Elyvilon
Gozag
Hepliaklqana
Makhleb
Nemelex Xobeh
Okawaru
Qazlal
Sif Muna
Uskayaw
Vehumet
Xom
Yredelemnul
Zin


Innate Abilities, Weirdness & Mutations

One of your tentacles has grown a beastly spike.
You cannot wear most types of armour.
You are amphibious.
You can wear up to eight rings at the same time.
Your skin changes colour to match your surroundings (Stealth+).
Your rubbery body absorbs attacks. (AC +1, EV +1)
((You are camouflaged when in or above water. (Stealth+)))
You have tentacles for arms and can constrict up to eight enemies at once.


Message History

You howl as the wereblood boils in your veins!
Your primal bloodlust has ended.
HP restored.
b - 4 scrolls of identify (gained 1)
You now have 316 gold pieces (gained 13).
An ogre comes into view. It is wielding a +0 giant club.
A jelly comes into view.
Casting: Beastly Appendage (safe; 1% risk of failure)
Press: ? - help, Q - select action, (/) - cycle Dir - look around, f - activate One of your tentacles grows a vicious spike.
Casting: Beastly Appendage (safe; 1% risk of failure)
Confirm with . or Enter, or press ? or * to list all spells.
Your blood is infused with primal strength.
The ogre shouts!
The jelly quivers.
You tentacle-slap the ogre.
You pierce the ogre.
The ogre is moderately wounded.
The ogre hits you with a +0 giant club!!
Ouch! That really hurt!
You are too injured to fight recklessly!
You are too injured to fight recklessly!
You are too injured to fight recklessly!
You tentacle-slap the ogre but do no damage.
You tentacle-slap the ogre.
The ogre is moderately wounded.
You tentacle-slap the ogre.
Your tentacle spike misses the ogre.
The ogre is heavily wounded.
The ogre completely misses you.
You completely miss the ogre.
You pierce the ogre.
The ogre is heavily wounded.
The ogre hits you with a +0 giant club!!
* * * LOW HITPOINT WARNING * * *
You tentacle-slap the ogre but do no damage.
You pierce the ogre.
The ogre is heavily wounded.
You tentacle-slap the ogre.
You pierce the ogre.
You squeeze the ogre, but do no damage.
The ogre is almost dead.
The ogre hits you with a +0 giant club!!
You die...

* #.#.#.# **,* *,***
******** #,#.#.# *,,*
*,,,*
,,,,,,,*******,#.#.#
*,** ***,*
******,,,,,,,,,#.#.#
*,* *,*
****#######.#.####,*
*,* #............#,#
*,*
#.##########.#.#####*,*
******
#.##########........,,*
,,,,,*
#....JO@.......#####***
****,**
#..#############
***,,,* *,,*
,,,,,,****,,*
***,,,,,,,,,*
**,*****,** *,*****,*
*,,,,,,,* *********


You could see an ogre and a jelly.

Vanquished Creatures
  Sigmund (D:2)
  Menkaure (D:4)
  A black bear (D:4)
  An ice beast (D:6)
  An ogre (D:5)
  A bullfrog (D:6)
  Blork the orc (D:4)
  A scorpion (D:4)
  A centaur zombie (Ossuary)
  A hound (D:5)
  A gnoll bouda (D:4)
  An iguana (D:5)
  A sleepcap (D:6)
  5 mummies (Ossuary)
  5 gnolls (D:4)
  2 adders
  A shadow imp (D:5)
  A white imp (D:5)
  A worm (D:3)
  A dart slug (D:5)
  2 orcs
  11 ball pythons
  3 bats
  5 endoplasms
  2 gnoll zombies (Ossuary)
  4 goblins
  4 hobgoblins
  3 jackals (D:5)
  5 kobolds
  3 quokkas
  2 frilled lizards (D:1)
  3 goblin zombies (Ossuary)
  A kobold zombie (Ossuary)
  An orc zombie (Ossuary)
  21 rats
99 creatures vanquished.

Notes
Turn   | Place    | Note
-------+----------+-------------------------------------------
     0 | D:1      | BubbleThief the Octopode Transmuter began the quest for the
                  | Orb.
     0 | D:1      | Reached XP level 1. HP: 13/13 MP: 3/3
   236 | D:1      | Reached XP level 2. HP: 16/18 MP: 3/5
   283 | D:1      | Learned a level 2 spell: Wereblood
   917 | D:2      | Found a shimmering altar of Xom.
   924 | D:2      | Identified the ring of Ybeskokh {+Blink Fly}
   978 | D:2      | Reached XP level 3. HP: 24/24 MP: 2/6
  1159 | D:2      | Found a faded altar of an unknown god.
  1269 | D:2      | Noticed Sigmund
  1282 | D:2      | Killed Sigmund
  1283 | D:2      | Reached skill level 4 in Unarmed Combat
  1283 | D:2      | Reached XP level 4. HP: 31/31 MP: 3/7
  1283 | D:2      | Reached XP level 5. HP: 36/36 MP: 3/8
  1618 | D:3      | Reached XP level 6. HP: 41/42 MP: 6/9
  1654 | D:3      | Found an iron altar of Okawaru.
  2448 | D:4      | Noticed Blork the orc
  2454 | D:4      | Killed Blork the orc
  2618 | D:4      | Found a sand-covered staircase.
  2627 | Ossuary  | Entered an ossuary
  3015 | D:4      | Reached skill level 5 in Unarmed Combat
  3015 | D:4      | Reached XP level 7. HP: 16/48 MP: 7/10
  3467 | D:4      | Noticed Menkaure
  3483 | D:4      | Killed Menkaure
  3484 | D:4      | Reached skill level 5 in Transmutations
  3488 | D:4      | Learned a level 3 spell: Spider Form
  3711 | D:4      | Found a hide-covered altar of Uskayaw.
  3711 | D:4      | Found a snail-covered altar of Cheibriados.
  3750 | D:5      | Entered Level 5 of the Dungeon
  3821 | D:5      | Reached skill level 5 in Fighting
  4066 | D:5      | Reached XP level 8. HP: 40/55 MP: 9/11
  4470 | D:6      | Reached skill level 6 in Unarmed Combat
  4689 | D:6      | Found a staircase to the Ecumenical Temple.
  4726 | Temple   | Entered the Ecumenical Temple
  4949 | D:6      | Mangled by an ogre

Illustrated notes

Levels and vault maps discovered:
D:1:      elethiomel_arrival_infinity_welcomes_careful_drivers, layout_rooms,
          minmay_shallow_snake_nest
D:2:      layout_loops_ring, basic_altar,
          shapermc_ecumenical_altar_totnotflames, minivault_5, minmay_rat_hole,
          uniq_sigmund
D:3:      layout_basic, okawaru_metal_pillars_1_2
D:4:      layout_basic, gammafunk_temple_overflow_statue, enter_ossuary_1,
          uniq_menkaure, uniq_blork_the_orc
D:5:      layout_cave_pools
D:6:      layout_loops_ring, nicolae_overflow_hidden_temple,
          mainiacjoe_overflow_alcove_1, lightli_temple_of_fire,
          minmay_temple_entry_waves
Temple:   nicolae_temple_hex_pool

Skill      XL: |  1  2  3  4  5  6  7  8 |
---------------+-------------------------+-----
Fighting       | 3 4 5 |  5.5
Unarmed Combat | 4 5 6 |  6.2
Transmutations | 3 4 5 |  5.7
Dodging        | |  2.0
Spellcasting   | |  2.0

Action                     |  1- 3 |  4- 6 |  7- 9 || total
---------------------------+-------+-------+-------++-------
  Melee: Unarmed           |    72 |    75 |    70 ||   217
         Constrict         |    15 |    19 |    13 ||    47
         Kick              |    11 |    22 |    24 ||    57
         Tentacles         |     6 |    19 |    19 ||    44
         Punch             |     2 |     1 |     4 ||     7
   Cast: Beastly Appendage |    17 |    15 |    10 ||    42
         Wereblood         |     2 |     4 |     5 ||    11
    Use: Scroll            |       |    13 |     3 ||    16
   Stab: Sleeping          |     7 |     5 |       ||    12
 Armour: Skin              |     4 |     1 |     4 ||     9
  Dodge: Dodged            |    31 |    37 |    42 ||   110

Table legend: (Time is in decaauts)
 A = Elapsed time spent in this place.
 B = Non-inter-level travel time spent in this place.
 C = Inter-level travel time spent in this place.
 D = Time resting spent in this place.
 E = Time spent auto-exploring this place.
 F = Levels seen in this place.
 G = Mean time per level.
                   A        B        C        D        E       F      G
               +--------+--------+--------+--------+--------+-----+--------+
         Total |   4927 |   4796 |    131 |      0 |   4047 |   8 |  615.9 |
       Dungeon |   4520 |   4396 |    124 |      0 |   3779 |   6 |  753.3 |
        Temple |     70 |     63 |      7 |      0 |     52 |   1 |   70.0 |
       Ossuary |    337 |    337 |      0 |      0 |    216 |   1 |  337.0 |
               +--------+--------+--------+--------+--------+-----+--------+

Top non-repeatable levels by time:
     D:4: 972 daAuts
     D:2: 890 daAuts
     D:3: 861 daAuts
     D:5: 693 daAuts
     D:1: 672 daAuts
     D:6: 429 daAuts
 Ossuary: 337 daAuts
  Temple: 70 daAuts
